 Dungeon Crawl Stone Soup version 0.17-a0-1508-ge7f3dc3 (webtiles) character file.

1094 Geomchi the Spear-Bearer (level 8, 0/68 HPs)
             Began as a Merfolk Berserker on July 10, 2015.
             Was a Priest of Trog.
             Slain by an ufetubus (2 damage)
             ... summoned by Eustachio
             ... on level 4 of the Dungeon.
             The game lasted 00:06:00 (4582 turns).

Geomchi the Spear-Bearer (Merfolk Berserker)        Turns: 4582, Time: 00:06:00

Health: 0/68       AC:  8    Str: 18    XL:     8   Next: 31%
Magic:  8/8        EV: 12    Int:  7    God:    Trog [***...]
Gold:   201        SH:  0    Dex: 14    Spells: 0 memorised, 7 levels left

rFire  . . .     SeeInvis .     x - +0 halberd
rCold  . . .     Clarity  .     h - +0 ring mail
rNeg   . . .     SustAt   .     (no shield)
rPois  .         Gourm    .     z - +0 helmet
rElec  .         Spirit   .     m - +0 cloak
rCorr  .         Warding  .     o - +0 pair of gloves
rMut   .         Stasis   .     (no boots)
MR     .....                    (no amulet)
Stlth  +.........               (no ring)
                                (no ring)

@: lethally poisoned (0 -> -20), slowed, very slow, not resistant to hostile
enchantments, very unstealthy
A: change form in water, swift swim, blurry vision 2, MP-powered wands
a: Burn Spellbooks, Berserk, Trog's Hand, Renounce Religion


You were on level 4 of the Dungeon.
You worshipped Trog.
Trog was most pleased with you.
You were not hungry.

You visited 1 branch of the dungeon, and saw 4 of its levels.

You collected 201 gold pieces.

Inventory:

Hand weapons
 a - a +0 spear
 x - a +0 halberd (weapon)
Armour
 b - a +0 animal skin
 h - a +0 ring mail (worn)
 m - a +0 cloak (worn)
 o - a +0 pair of gloves (worn)
 z - a +0 helmet (worn)
Magical devices
 r - a wand of enslavement (7)
Scrolls
 f - a scroll of magic mapping {unknown}
 i - a scroll of fog {unknown}
 j - 4 scrolls of identify {unknown}
 k - 3 scrolls of remove curse {unknown}
 l - 2 scrolls of teleportation {unknown}
 n - 4 scrolls of amnesia {unknown}
 s - a scroll of blinking {unknown}
 t - a scroll of fear {unknown}
 u - a scroll of random uselessness {unknown}
 y - a scroll of enchant armour {unknown}
Potions
 e - 3 potions of haste
 p - a potion of poison {unknown}
 v - a potion of berserk rage
 w - a potion of might
Comestibles
 c - 2 bread rations {@e1}
 d - 2 beef jerkies
 g - 3 meat rations {@e2}


   Skills:
 + Level 7.8 Fighting
 + Level 10.8 Polearms
 - Level 1.3 Armour
 - Level 2.6 Dodging


You had 7 spell levels left.
You didn't know any spells.

Dungeon Overview and Level Annotations

Branches:
Dungeon (4/15)
 Temple: D:4-7

Altars:
Ashenzari
Dithmenos
Gozag

Annotations:
D:4 Eustachio


Innate Abilities, Weirdness & Mutations

You revert to your normal form in water.
You are very nimble and swift while swimming.
Scrolls take you longer to read.
You expend magic power (3 MP) to strengthen your wands.


Message History

The ufetubus hits you but does no damage. x2
The river rat bites you!
* * * LOW HITPOINT WARNING * * *
Eustachio barely misses you. The iron imp hits you.
* * * LOW HITPOINT WARNING * * *
The ufetubus closely misses you.
The ufetubus hits you but does no damage.
The river rat bites you but does no damage.
Eustachio hits you with a falchion!
* * * LOW HITPOINT WARNING * * *
You take 19 damage, and have 6/68 hp.
MASSIVE DAMAGE!!
Drink which item? (? for menu, Esc to quit)
It was a potion of mutation.
You feel extremely strange.
Your vision blurs.
You feel your magical essence link to your wands.
Your vision blurs.
* * * LOW HITPOINT WARNING * * *
You feel very sick. The ufetubus hits you.
You die...

...........
#.(........
#.......... ...
.......... ....
#.....a... ......
#......... .......
#.K.......
#.......#####5@......
............r@5g.....
...........(##...>>..
#......#..## ###....
#....#..## ##.
#..#..## ##..##
##...# #...## ##..##


You could see Eustachio, a worker ant, an iron imp, a river rat, an ufetubus, a
hobgoblin and a kobold.

Vanquished Creatures
  Pikel (D:4)
  Grinder (D:3)
  A phantom (D:4)
  A slave (D:3)
  An ogre (D:4)
  A giant frog skeleton (D:4)
  A hound (D:4)
  A worker ant (D:4)
  Robin (D:4)
  2 adders
  6 gnolls
  An ooze (D:1)
  2 worms
  2 giant geckos (D:2)
  7 bats
  3 giant cockroaches
  19 goblins
  14 hobgoblins
  8 jackals
  4 quokkas
  2 giant gecko skeletons (D:4)
  4 giant newts
  9 kobolds
  A quokka skeleton (D:4)
  5 rats
98 creatures vanquished.

Vanquished Creatures (others)
  A worker ant (D:4)
  A giant newt (D:4)
  A butterfly (D:4)
3 creatures vanquished.

Grand Total: 101 creatures vanquished

Notes
Turn   | Place    | Note
--------------------------------------------------------------
     0 | D:1      | Geomchi the Merfolk Berserker began the quest for the Orb.
     0 | D:1      | Reached XP level 1. HP: 18/18 MP: 1/1
   453 | D:1      | Reached skill level 5 in Polearms
   501 | D:1      | Reached XP level 2. HP: 21/24 MP: 2/2
  1056 | D:2      | Found a shadowy altar of Dithmenos.
  1172 | D:2      | Reached XP level 3. HP: 24/29 MP: 3/3
  1352 | D:2      | Acquired Trog's second power
  1548 | D:2      | Reached skill level 6 in Polearms
  2111 | D:3      | Reached XP level 4. HP: 32/37 MP: 4/4
  2179 | D:3      | Found a faded altar to an unknown god.
  2219 | D:3      | Noticed Grinder
  2233 | D:3      | Paralysed by Grinder for 6 turns
  2244 | D:3      | Paralysed by Grinder for 3 turns
  2275 | D:3      | Killed Grinder
  2275 | D:3      | Reached skill level 5 in Fighting
  2275 | D:3      | Reached skill level 8 in Polearms
  2275 | D:3      | Reached XP level 5. HP: 30/44 MP: 5/5
  2275 | D:3      | Reached XP level 6. HP: 34/51 MP: 6/6
  2795 | D:4      | Noticed Pikel
  3578 | D:4      | Reached skill level 9 in Polearms
  3578 | D:4      | Reached XP level 7. HP: 44/58 MP: 7/7
  3696 | D:4      | Noticed Robin
  3759 | D:4      | Killed Robin
  3906 | D:4      | Found a shattered altar of Ashenzari.
  3908 | D:4      | Found an opulent altar of Gozag.
  3935 | D:4      | Killed Pikel
  3935 | D:4      | Reached skill level 10 in Polearms
  3935 | D:4      | Reached XP level 8. HP: 14/68 MP: 8/8
  4223 | D:4      | Found a staircase to the Ecumenical Temple.
  4573 | D:4      | Noticed Eustachio
  4582 | D:4      | Gained mutation: Scrolls take you a little longer to read. [potion of mutation]
  4582 | D:4      | Gained mutation: You expend magic power (3 MP) to strengthen your wands. [potion of mutation]
  4582 | D:4      | Gained mutation: Scrolls take you longer to read. [potion of mutation]
  4582 | D:4      | HP: 2/68 [poisoned by kobold (curare-tipped needle)]
  4582 | D:4      | Slain by an ufetubus

Vault maps used:
D:1:      elethiomel_arrival_infinity_welcomes_careful_drivers
D:2:      grunt_dithmenos_smoke
D:3:      ecumenical_altar_2, amalloy_card_club, uniq_grinder
D:4:      gammafunk_temple_overflow_pools, minmay_temple_entry_butterflies,
          uniq_robin, uniq_eustachio, uniq_pikel

Action                   |  1- 3 |  4- 6 |  7- 9 || total
-------------------------+-------+-------+-------++-------
Melee: Spear             |   161 |   137 |       ||   298
       Halberd           |       |    28 |    85 ||   113
Invok: Berserk           |       |     2 |     1 ||     3
  Use: Potion            |       |     3 |     2 ||     5
  Eat: Chunk             |     4 |     4 |     6 ||    14
       Beef jerky        |       |     1 |       ||     1
